 Dungeon Crawl Stone Soup version 0.30.0-20-g3b4254fcbd (webtiles) character file.

Game seed: 4152641533347509057

5978 Graphine the Fighter (level 10, -17/94 HPs)
             Began as a Minotaur Fighter on June 2, 2023.
             Was an Initiate of Ashenzari.
             Demolished by a skeletal warrior
             ... wielding a +1 battleaxe of flaming
              (25 damage)
             ... on level 9 of the Dungeon.
             The game lasted 00:17:11 (6497 turns).

Graphine the Fighter (Minotaur Fighter)             Turns: 6497, Time: 00:17:11

Health: -17/94     AC: 15    Str: 25    XL:     10   Next: 55%
Magic:  9/9        EV: 13    Int:  5    God:    Ashenzari [......]
Gold:   463        SH:  6    Dex: 10    Spells: 9/9 levels left

rFire   + + .        p - +9 spear (flame)
rCold   + . .        c - +0 buckler
rNeg    + . .        C - +4 chain mail "Pemorghamy" {rF+}
rPois   .            (helmet restricted)
rElec   .            y - scarf {rC+ rF+}
rCorr   .            (no gloves)
SInv    .            (no boots)
Will    +....        (no amulet) Stlth
                     m - +5 ring of evasion
HPRegen 0.35/turn    o - ring of Pyeclyh {rN+ Will+}
MPRegen 0.11/turn

%: no passive effects
@: about to teleport
A: horns 2, retaliatory headbutt
a: Renounce Religion, Curse Item


You were on level 9 of the Dungeon.
You worshipped Ashenzari.
Ashenzari was noncommittal.
You visited 2 branches of the dungeon, and saw 10 of its levels.

You collected 463 gold pieces.

Inventory:

Hand Weapons
 a - a +0 flail
 p - a +9 spear of flaming (weapon)
 u - a +2 quarterstaff of chaos
 x - a +2 vampiric dagger
Missiles
 t - 2 throwing nets (quivered)
Armour
 c - a +0 buckler (worn)
 i - a +0 plate armour
 v - a +0 cloak
 y - a scarf of resistance (worn)
 C - the +4 chain mail "Pemorghamy" (worn) {rF+}
   (You found it on level 8 of the Dungeon)

   rF:        It protects you from fire.
Jewellery
 m - a +5 ring of evasion (left hand)
 o - the ring of Pyeclyh (right hand) {rN+ Will+}
   (You found it on level 3 of the Dungeon)

   [ring of willpower]

   rN:        It protects you from negative energy.
   Will:      It increases your willpower.
 F - a +4 ring of protection
Wands
 B - a wand of charming (6)
Scrolls
 b - 7 scrolls of teleportation
 d - a scroll of vulnerability {unknown}
 e - 2 scrolls of poison
 k - 3 scrolls of fog
 q - 2 scrolls of amnesia
 w - 2 scrolls of magic mapping
Potions
 g - 6 potions of curing
 h - 3 potions of brilliance
 l - a potion of lignification {unknown}
 n - 3 potions of degeneration {unknown}
 r - 2 potions of flight {unknown}
 s - 2 potions of berserk rage {unknown}
 z - a potion of magic {unknown}
 A - a potion of haste {unknown}
 D - a potion of mutation {unknown}
 E - a potion of attraction {unknown}


   Skills:
 * Level 10.8 Fighting
 - Level 3.3 Maces & Flails
 + Level 6.9 Polearms
 * Level 10.8 Armour
 * Level 10.7 Shields


You had 9 spell levels left.
You didn't know any spells.
Your spell library contained the following spells:

 Spells                   Type           Power      Damage    Failure   Level
 Beastly Appendage        Tmut           0%         N/A       94%         1
 Kiss of Death            Conj/Necr      0%         2d5       94%         1
 Necrotise                Necr           0%         1d4       94%         1
 Scorch                   Fire           0%         2d5       98%         2
 Wereblood                Tmut           0%         N/A       98%         2
 Confusing Touch          Hex            0%         N/A       100%        3
 Dazzling Flash           Conj/Hex       0%         N/A       100%        3
 Spider Form              Tmut/Pois      0%         N/A       100%        3
 Vampiric Draining        Necr           0%         2d6       100%        3
 Dispel Undead            Necr           0%         3d6       100%        4
 Flame Wave               Conj/Fire      0%         2d4       100%        4
 Leda's Liquefaction      Hex/Erth       0%         N/A       100%        4
 Agony                    Necr           0%         N/A       100%        5
 Lee's Rapid Deconstruct  Erth           0%         3d4*      100%        5
 Silence                  Hex/Air        0%         N/A       100%        5
 Summon Forest            Summ/Tloc      0%         N/A       100%        5
 Summon Mana Viper        Hex/Summ       0%         N/A       100%        5
 Statue Form              Tmut/Erth      0%         N/A       100%        6
 Summon Cactus Giant      Summ           0%         N/A       100%        6


Dungeon Overview and Level Annotations

Branches:
Dungeon (9/15)             Temple (1/1) D:7
   Lair: D:8-11         Orc: D:9-12

Altars:
Ashenzari
Cheibriados
Elyvilon
Gozag
Hepliaklqana
Kikubaaqudgha
Makhleb
Nemelex Xobeh
Okawaru
Qazlal
Ru
Sif Muna
Trog
Uskayaw
Vehumet
Wu Jian
Xom
Yredelemnul
Zin
The Shining One


Innate Abilities, Weirdness & Mutations

You have a pair of horns on your head.
You reflexively headbutt those who attack you in melee.


Message History

The troll is almost dead.
The troll bites you. You block the troll's attack.
The troll completely misses you.
Reach: p) +9 spear (flame)
Press: ? - help, Dir - move target, f/p - skeletal warrior
Aim: a skeletal warrior, wielding a +1 battleaxe of flaming (heavily damaged, about 26% to evade your +9 spear of flaming)
You reach to attack!
You hit the skeletal warrior but do no damage.
The skeletal warrior is heavily damaged.
The troll closely misses you. The troll barely misses you.
The troll closely misses you.
Reach: p) +9 spear (flame)
Press: ? - help, Dir - move target, f/p - skeletal warrior
Aim: a skeletal warrior, wielding a +1 battleaxe of flaming (heavily damaged, about 26% to evade your +9 spear of flaming)
You reach to attack!
You barely miss the skeletal warrior.
The skeletal warrior is heavily damaged.
The troll misses you. You furiously retaliate!
You headbutt the troll!
You kill the troll!
The troll leather armour is intact enough to wear.
Okay, then.
As you read the scroll of teleportation, it crumbles to dust.
You feel strangely unstable. The skeletal warrior misses you.
Reach: p) +9 spear (flame)
Press: ? - help, Dir - move target, f/p - skeletal warrior
Aim: a skeletal warrior, wielding a +1 battleaxe of flaming (heavily damaged, about 26% to evade your +9 spear of flaming)
You puncture the skeletal warrior! You burn the skeletal warrior.
Your headbutt misses the skeletal warrior.
The skeletal warrior is severely damaged.
The skeletal warrior hits you with a +1 battleaxe of flaming.
You hit the skeletal warrior but do no damage.
The skeletal warrior is severely damaged.
You hit the skeletal warrior but do no damage.
The skeletal warrior is severely damaged.
The skeletal warrior hits you with a +1 battleaxe of flaming!!
* * * LOW HITPOINT WARNING * * *
You hit the skeletal warrior. You burn the skeletal warrior.
You headbutt the skeletal warrior.
The skeletal warrior is severely damaged.
The skeletal warrior hits you with a +1 battleaxe of flaming!!
You die...

#### # # # # ?#.#
.B... ####......
#(..# #B##...... #z#
D....
############@####.#$#
................### #
#.###
...........##....#
#....
########...##....#
#.... # #...##....#
#....
#.########...##....#
#....
#............##....#
#....
#..................#
####..
#####'#####'########
#.....


You could see a boulder beetle and a skeletal warrior.

Vanquished Creatures
  A hydra (D:9)
  2 two-headed ogres (D:9)
  The ghost of maro1969 the Basher, a novice HuFi of Okawaru (D:7)
  Maggie (D:9)
  A troll (D:9)
  A vampire (D:9)
  A shadow (D:9)
  A steam dragon (D:9)
  3 orc warriors (D:8)
  A black bear (D:7)
  An ogre (D:6)
  2 centaurs
  A phantom (D:7)
  2 kobold brigands
  Blork the orc (D:6)
  2 gnoll sergeants
  4 scorpions
  3 wights (D:8)
  A howler monkey (D:8)
  2 jellies
  A lava snake (D:9)
  6 orc priests
  Crazy Yiuf (D:3)
  3 hounds (D:6)
  A gnoll bouda (D:7)
  4 iguanas
  A sleepcap (D:7)
  12 orc wizards
  Robin (D:3)
  21 gnolls
  4 adders
  2 shadow imps (D:7)
  2 worms
  28 orcs
  6 ball pythons
  An endoplasm (D:1)
  3 giant cockroaches
  16 goblins
  6 hobgoblins
  7 jackals
  5 quokkas
  6 bats
  2 frilled lizards (D:1)
  19 kobolds
  2 rats
  A butterfly (D:7)
193 creatures vanquished.

Notes
Turn   | Place    | Note
-------+----------+-------------------------------------------
     0 | D:1      | Graphine the Minotaur Fighter began the quest for the Orb.
     0 | D:1      | Reached XP level 1. HP: 19/19 MP: 0/0
    87 | D:1      | Reached XP level 2. HP: 24/27 MP: 1/1
   586 | D:2      | Reached XP level 3. HP: 33/33 MP: 2/2
   622 | D:2      | Found a faded altar of an unknown god.
  1137 | D:3      | Identified the ring of Pyeclyh {rN+ Will+}
  1197 | D:3      | Identified the +0 helmet of Greed {Regen+ Str+4 Dex-2}
  1197 | D:3      | Noticed Robin
  1205 | D:3      | Killed Robin
  1206 | D:3      | Reached XP level 4. HP: 29/41 MP: 3/3
  1286 | D:3      | Found a runed translucent door.
  1287 | D:3      | Noticed Crazy Yiuf
  1583 | D:3      | Reached XP level 5. HP: 47/47 MP: 4/4
  1586 | D:3      | Reached skill level 1 in Polearms
  1799 | D:3      | Reached skill level 5 in Armour
  1915 | D:3      | Killed Crazy Yiuf
  1916 | D:3      | Reached skill level 5 in Fighting
  1916 | D:3      | Reached skill level 5 in Shields
  1959 | D:4      | Reached XP level 6. HP: 56/56 MP: 5/5
  2010 | D:4      | Found a glowing silver altar of Zin.
  2010 | D:4      | Noticed an angel
  2014 | D:4      | Found a shimmering altar of Xom.
  2128 | D:4      | Found a hide-covered altar of Uskayaw.
  2128 | D:4      | Found a hazy altar of Hepliaklqana.
  2283 | D:4      | Found a burning altar of Makhleb.
  2283 | D:4      | Found an ornate altar of the Wu Jian Council.
  2331 | D:4      | Found a shimmering blue altar of Sif Muna.
  2481 | D:5      | Entered Level 5 of the Dungeon
  2598 | D:5      | Reached XP level 7. HP: 30/62 MP: 6/6
  3443 | D:6      | Found a sacrificial altar of Ru.
  3550 | D:6      | Noticed Blork the orc
  3557 | D:6      | Killed Blork the orc
  3558 | D:6      | Reached XP level 8. HP: 68/73 MP: 7/7
  4069 | D:7      | Found an iron altar of Okawaru.
  4095 | D:7      | Found a bloodstained altar of Trog.
  4097 | D:7      | Found a snail-covered altar of Cheibriados.
  4100 | D:7      | Found a white marble altar of Elyvilon.
  4112 | D:7      | Found a staircase to the Ecumenical Temple.
  4135 | Temple   | Entered the Ecumenical Temple
  4166 | Temple   | Became a worshipper of Ashenzari the Shackled
  4510 | D:7      | Noticed maro1969's ghost (novice HuFi)
  4526 | D:7      | Found a runed translucent door.
  4537 | D:7      | Found a glowing golden altar of the Shining One.
  4556 | D:7      | Killed maro1969's ghost
  4557 | D:7      | Reached XP level 9. HP: 45/82 MP: 8/8
  4754 | D:7      | Found a stormy altar of Qazlal.
  4986 | D:8      | Reached skill level 5 in Polearms
  5227 | D:8      | Identified the +4 chain mail "Pemorghamy" {rF+}
  5804 | D:9      | Noticed a two-headed ogre
  6051 | D:9      | Noticed Maggie
  6066 | D:9      | Killed Maggie
  6085 | D:9      | HP: 4/85 [something (19)]
  6285 | D:9      | Noticed a two-headed ogre
  6304 | D:9      | Reached skill level 10 in Fighting
  6304 | D:9      | Reached XP level 10. HP: 85/93 MP: 9/9
  6309 | D:9      | Killed a two-headed ogre
  6310 | D:9      | Reached skill level 10 in Armour
  6310 | D:9      | Reached skill level 10 in Shields
  6426 | D:9      | Killed a two-headed ogre
  6465 | D:9      | Noticed a boulder beetle
  6466 | D:9      | Noticed a skeletal warrior
  6466 | D:9      | Noticed a six-headed hydra
  6474 | D:9      | Killed a six-headed hydra
  6497 | D:9      | Demolished by a skeletal warrior

Illustrated notes

Levels and vault maps discovered:
D:1:      lightli_molten_gateway, layout_rooms, minmay_small_reverse_x
D:2:      layout_basic, dreamdust_ecumenical_altar_statues
D:3:      layout_basic, minmay_misc_feat_alley, uniq_crazy_yiuf_cottage,
          uniq_robin
D:4:      layout_cave_pools, grunt_temple_overflow_order_and_chaos_1,
          mainiacjoe_overflow_divided_tiny, nicolae_overflow_two_pavilions,
          led_sif_book, grunt_decor_fettered
D:5:      layout_gridville
D:6:      layout_loops_ring, nicolae_overflow_hidden_temple,
          nicolae_ru_awakened_eye, grunt_decor_clamped, uniq_blork_the_orc
D:7:      layout_gridville, nicolae_qazlal_style_of_elements,
          mainiacjoe_overflow_concentric_impassable, grunt_temple_overflow_open,
          okawaru_trees_2, minmay_temple_entry_butterflies,
          hellmonk_ghost_happy_afterlife
D:8:      layout_rooms
D:9:      minmay_bloctagon_deflated, layout_stronghold, grunt_decor_junction,
          uniq_maggie
Temple:   nicolae_temple_ecumenical_triangle

Skill      XL: |  1  2  3  4  5  6  7  8  9 10 |
---------------+-------------------------------+-----
Fighting       | 4 5 7 8 10 | 10.8
Armour         | 4 5 6 7 8 9 10 | 10.8
Shields        | 4 5 6 8 9 10 | 10.7
Maces & Flails | 3 |  3.3
Polearms       | 1 2 3 4 6 |  6.9

Action                     |  1- 3 |  4- 6 |  7- 9 | 10-12 || total
---------------------------+-------+-------+-------+-------++-------
  Melee: Flail             |    74 |     4 |       |       ||    78
         Headbutt          |     7 |     1 |    25 |     6 ||    39
         Spear             |       |    92 |   247 |    42 ||   381
  Throw: Javelin           |     4 |     4 |    12 |     3 ||    23
         Throwing net      |       |       |     1 |     1 ||     2
    Use: Scroll            |     2 |     6 |     4 |     1 ||    13
         Potion            |       |       |     5 |       ||     5
   Stab: Distracted        |       |       |     1 |       ||     1
 Armour: Scale mail        |    10 |       |       |       ||    10
         Plate armour      |    32 |    26 |    65 |       ||   123
         Chain mail        |       |       |    25 |    17 ||    42
  Dodge: Dodged            |    28 |    21 |    89 |    36 ||   174
  Block: Buckler           |    19 |    13 |    57 |    16 ||   105
